 Dungeon Crawl Stone Soup version 0.28-a0-172-g787e458d71 (webtiles) character file.

Game seed: 9708208439605352439

1082 Atlas the Slasher (level 7, -11/58 HPs)
             Began as a Demigod Fighter on Aug 17, 2021.
             Mangled by a troll (13 damage)
             ... on level 5 of the Dungeon.
             The game lasted 00:04:24 (6783 turns).

Atlas the Slasher (Demigod Fighter)                 Turns: 6783, Time: 00:04:25

Health: -11/58     AC:  8    Str: 25    XL:     7   Next: 81%
Magic:  9/9        EV:  9    Int: 10    God:
Gold:   286        SH: 10    Dex: 19    Spells: 6/6 levels left

rFire   . . .      SeeInvis .   a - +0 long sword
rCold   . . .      Faith    .   c - +0 kite shield
rNeg    . . .      Spirit   .   b - +0 scale mail
rPois   .          Reflect  .   s - +0 helmet
rElec   .          Harm     .   (no cloak)
rCorr   .          Rampage  .   (no gloves)
Will    .....                   (no boots)
Stlth   +.........              (no amulet)
HPRegen 0.19/turn               v - +6 ring of dexterity
MPRegen 0.11/turn               (no ring)

@: mighty, hasted, studying Earth Magic, very quick
A: high mp 1, forlorn
a: no special abilities


You were on level 5 of the Dungeon.
You visited 1 branch of the dungeon, and saw 5 of its levels.

You collected 286 gold pieces.

Inventory:

Hand Weapons
 a - a +0 long sword (weapon)
 j - a +0 mace of venom
Missiles
 n - 13 poisoned darts (quivered)
Armour
 b - a +0 scale mail (worn)
 c - a +0 kite shield (worn)
 s - a +0 helmet (worn)
Jewellery
 v - a +6 ring of dexterity (left hand)
Scrolls
 g - a scroll of noise {unknown}
 h - a scroll of vulnerability {unknown}
 k - 3 scrolls of fear {unknown}
 m - 2 scrolls of fog {unknown}
 o - 3 scrolls of identify {unknown}
 r - 2 scrolls of teleportation {unknown}
 t - a scroll of enchant weapon {unknown}
Potions
 e - a potion of haste
 f - a potion of magic {unknown}
 i - a potion of degeneration {unknown}
 l - a potion of cancellation {unknown}
 p - a potion of heal wounds {unknown}
 q - a potion of ambrosia {unknown}
 u - a potion of curing


   Skills:
 + Level 3.8 Fighting
 + Level 5.3 Long Blades
 + Level 0.3 Maces & Flails
 + Level 0.1 Throwing
 + Level 5.0 Armour
 + Level 2.3 Dodging
 + Level 0.6 Stealth
 + Level 4.6 Shields


You had 6 spell levels left.
You didn't know any spells.
Your spell library contained the following spells:

 Spells                   Type           Power      Damage    Failure   Level
 Summon Small Mammal      Summ           0%         N/A       97%         1
 Call Canine Familiar     Summ           0%         N/A       100%        3
 Summon Guardian Golem    Hex/Summ       0%         N/A       100%        3
 Summon Lightning Spire   Summ/Air       0%         N/A       100%        4
 Death Channel            Necr           0%         N/A       100%        6


Dungeon Overview and Level Annotations

Branches:
Dungeon (5/15)
 Temple: D:4-7


Innate Abilities, Weirdness & Mutations

Your attributes grow dramatically as you level up.
You have an increased reservoir of magic. (+10% MP)
You shall have no god before yourself.


Message History

A troll is nearby!
You slash the troll!
The troll is lightly wounded.
The troll bites you! You block the troll's attack.
The troll claws you but does no damage. The troll bites you!
The troll claws you but does no damage. The troll closely misses you.
Unknown command.
You aren't carrying any items that you can evoke.
Throw: 14 darts (poison)
Press: ? - help, Shift-Dir - straight line, f - troll
Aim: a troll (lightly wounded, 62% to hit)
You throw a poisoned dart. The poisoned dart hits the troll.
The troll is poisoned.
The troll is lightly wounded.
The troll bites you. The troll claws you. You block the troll's attack.
You are too injured to fight recklessly!
You are too injured to fight recklessly!
You hit the troll but do no damage.
The troll is lightly wounded.
You block the troll's attack. The troll claws you.
The troll claws you but does no damage.
Unknown command.
You hit the troll.
The troll is moderately wounded.
The troll bites you.
* * * LOW HITPOINT WARNING * * *
The troll closely misses you. The troll barely misses you.
Unknown command.
It was a potion of haste.
You feel yourself speed up. You block the troll's attack.
The troll barely misses you. The troll claws you but does no damage.
You feel very mighty all of a sudden. You block the troll's attack.
The troll claws you!
* * * LOW HITPOINT WARNING * * *
The troll claws you!
* * * LOW HITPOINT WARNING * * *
You barely miss the troll.
The troll is moderately wounded.
The troll bites you!
You die...

#o# ##...[.# #. #.# #.#
##..##### #. #.# #o#
#..## #. #.# #.# ###.##
.. #.# ##.# #...# .# ...
...###.### .# ...
.......# .# ....
##).##.###### ##T#.....
##.##......####@.......
........###.......#.....
###..####....)....# ...
#...##...#.......# #
....###.########.##
##..... .... ##.#. ...>.
# ...... #######


You could see a troll (poisoned).

Vanquished Creatures
  A black bear (D:4)
  A necrophage (D:4)
  2 ogres
  A centaur (D:5)
  A bullfrog (D:4)
  Blork the orc (D:5)
  A scorpion (D:5)
  An orc priest (D:4)
  A hound (D:5)
  2 jellies
  A bullfrog skeleton (D:3)
  2 iguanas (D:5)
  Ijyb (D:4)
  An orc wizard (D:3)
  A howler monkey zombie (D:5)
  3 gnolls (D:4)
  2 river rats (D:4)
  5 adders
  A shadow imp (D:5)
  2 worms
  5 dart slugs
  14 orcs
  4 bats
  7 endoplasms
  5 giant cockroaches
  3 goblins
  5 hobgoblins
  2 jackals (D:1)
  4 quokkas
  5 ball pythons
  3 frilled lizards
  7 kobolds
  5 rats
100 creatures vanquished.

Notes
Turn   | Place    | Note
-------+----------+-------------------------------------------
     0 | D:1      | Atlas the Demigod Fighter began the quest for the Orb.
     0 | D:1      | Reached XP level 1. HP: 18/18 MP: 3/3
   404 | D:1      | Reached XP level 2. HP: 24/25 MP: 4/4
  1343 | D:2      | Reached XP level 3. HP: 30/30 MP: 5/5
  1990 | D:3      | Reached XP level 4. HP: 10/38 MP: 6/6
  2918 | D:3      | Reached skill level 1 in Dodging
  3115 | D:4      | Noticed a bullfrog
  3126 | D:4      | Killed a bullfrog
  3127 | D:4      | Reached XP level 5. HP: 33/45 MP: 7/7
  3151 | D:4      | Noticed a necrophage
  3166 | D:4      | Killed a necrophage
  3435 | D:4      | Reached XP level 6. HP: 39/50 MP: 8/8
  4612 | D:4      | Noticed Ijyb
  4616 | D:4      | Paralysed by Ijyb for 5 turns
  4628 | D:4      | Paralysed by Ijyb for 2 turns
  4637 | D:4      | Killed Ijyb
  4693 | D:4      | Reached XP level 7. HP: 7/57 MP: 9/9
  5099 | D:5      | Entered Level 5 of the Dungeon
  5144 | D:5      | Got the Compendium of Fate
  6227 | D:5      | Reached skill level 5 in Long Blades
  6380 | D:5      | Noticed Blork the orc
  6393 | D:5      | Killed Blork the orc
  6512 | D:5      | Reached skill level 5 in Armour
  6775 | D:5      | Noticed a troll
  6782 | D:5      | HP: 2/58 [troll (7)]
  6783 | D:5      | Mangled by a troll

Illustrated notes

Levels and vault maps discovered:
D:1:      dpeg_arrival_triangle_fractal, layout_basic
D:2:      layout_basic, hellmonk_ecumenical_altar_pennies_from_heaven
D:3:      layout_basic, gammafunk_temple_overflow_statue,
          mainiacjoe_overflow_six_doors_small, mrwooster_statue_mirror
D:4:      layout_loops_ring, mainiacjoe_overflow_alcove_2, gup_sewer_entry_bowl,
          minmay_manual_mandibuliform, uniq_ijyb
D:5:      layout_rooms, uniq_blork_the_orc

Skill      XL: |  1  2  3  4  5  6  7 |
---------------+----------------------+-----
Long Blades    | 2 3 4 5 |  5.3
Shields        | 3 4 |  4.6
Armour         | 3 4 5 |  5.0
Fighting       | 3 |  3.8
Dodging        | 1 2 |  2.3
Maces & Flails | |  0.3
Throwing       | |  0.1
Stealth        | |  0.6

Action                   |  1- 3 |  4- 6 |  7- 9 || total
-------------------------+-------+-------+-------++-------
Melee: Long sword        |   156 |   157 |    68 ||   381
       Mace              |       |    11 |       ||    11
Throw: Dart              |       |     3 |     1 ||     4
  Use: Potion            |     1 |     1 |     2 ||     4
Armor: Scale mail        |    89 |    71 |    29 ||   189
Dodge: Dodged            |    53 |    47 |    47 ||   147
Block: Kite shield       |   109 |    76 |    65 ||   250
       Rpst.: Long sword |    16 |    15 |    14 ||    45

Table legend: (Time is in decaauts)
 A = Elapsed time spent in this place.
 B = Non-inter-level travel time spent in this place.
 C = Inter-level travel time spent in this place.
 D = Time resting spent in this place.
 E = Time spent auto-exploring this place.
 F = Levels seen in this place.
 G = Mean time per level.
                   A        B        C        D        E       F      G
               +--------+--------+--------+--------+--------+-----+--------+
         Total |   6978 |   6830 |    148 |   1364 |   4462 |   5 | 1395.6 |
       Dungeon |   6978 |   6830 |    148 |   1364 |   4462 |   5 | 1395.6 |
               +--------+--------+--------+--------+--------+-----+--------+

Top non-repeatable levels by time:
     D:4: 2831 daAuts
     D:3: 1402 daAuts
     D:1: 1244 daAuts
     D:5: 754 daAuts
     D:2: 744 daAuts
